woodfighter, neutral female human Healer ------ -------------- |...<| ##-............| |....| # |............| |....|############ ### |............| |.`..|# ------.- # -+-.---------- .....|## |......| #%# # ###### --.-.-# |.----.| % ##########` B@### ###### |.| |.| # ##* ## ## ..| |.| # # # ### |.----.| ########` #################%### ---.-|- #.......| ------# #----.-.--------- |.....| ###-------- |....|# #|..............| |.....| # |....| #|..............+######......| ### |....)###########|..............| ------- # ------ |.......{.)..>..############### ---------------- woodfighter the Empiric Experience level: 3 Strength: 11 Dexterity: 10 Constitution: 14 Intelligence: 11 Wisdom: 14 Charisma: 17 Health: 0(32) Energy: 28(28) Def: 2 Gold: 1212 Moves: 1356 Dungeon seed: RdEZx_30mgDx2lMW Game ID: woodfighter_1508692441 Your Inventory: Coins $ - 1212 gold pieces Amulets A - an uncursed amulet of life saving Weapons a - a +0 scalpel (weapon in hand) Armor e - an uncursed +1 pair of leather gloves (being worn) n - an uncursed +0 pair of gauntlets of power q - an uncursed +0 cloak of protection Comestibles j - 5 blessed eucalyptus leaves k - 4 blessed sprigs of wolfsbane l - 3 blessed cloves of garlic m - 5 uncursed apples v - an uncursed food ration H - 4 uncursed tripe rations K - an uncursed lichen corpse Scrolls u - an uncursed scroll of remove curse z - 3 uncursed scrolls of identify C - a cursed scroll of enchant armor Spellbooks g - a blessed spellbook of healing h - a blessed spellbook of extra healing i - a blessed spellbook of stone to flesh w - an uncursed spellbook of magic missile Potions c - 4 uncursed potions of healing d - 4 uncursed potions of extra healing o - a blessed potion of confusion r - an uncursed potion of fruit juice s - a blessed potion of gain energy t - a blessed potion of healing E - a cursed potion of paralysis G - an uncursed potion of enlightenment Wands f - a wand of sleep (0:5) D - a wand of slow monster (0:4) Tools b - an uncursed stethoscope y - an uncursed lock pick Spells and supernatural/magical abilities: Name Level Category Fail Memory h - healing 1 healing 0% 94% x - extra healing 3 healing 20% 94% S - stone to flesh 3 healing 35% 94% W - pray for help -- divine ? -- Your skills at the end: Miscellaneous Skills wands [Basic] Weapon Skills knife [Basic] Spellcasting Skills healing spells [Basic] Final Attributes: You were devoutly aligned. You were poison resistant. You are dead. Vanquished creatures: a kitten a homunculus a gecko a hobgoblin 2 giant rats a jackal a fox a kobold 2 newts 2 goblins 2 grid bugs 7 lichens 22 creatures vanquished. Voluntary challenges: You did not adorn yourself with jewelry or accessories. You did not cause conflict. You were not invisible. You did not have reflection. You were not displaced. You were an atheist. You used a wielded weapon 61 times, starting on turn 4. You did not apply a unicorn horn. You did not use plumbed fixtures. You did not drink any magical draughts. You were illiterate. You never genocided any monsters. You never polymorphed an object. You never changed form. You used no wishes. You never split a pudding. You never wrote Elbereth's name. You never violated your personal moral code. Dungeon overview: The Dungeons of Doom: levels 1 to 5 Level 1 a long staircase Level 2 a general store, a fountain Level 3 a fountain stairs to The Gnomish Mines Level 4 <- You were here a fountain Level 5 a fountain The Gnomish Mines: Level 4 stairs to The Dungeons of Doom History has recorded: On T:1 you entered the Dungeons of Doom to retrieve the Amulet of Yendor! On T:49 you reached level 2 of The Dungeons of Doom. On T:145 you advanced to experience level 2. On T:488 you reached level 3 of The Dungeons of Doom. On T:756 you reached level 4 of The Dungeons of Doom. On T:791 you reached level 1 of The Gnomish Mines. On T:823 you advanced to experience level 3. On T:1074 you reached level 5 of The Dungeons of Doom. Score breakdown: Gold: 54 ( 5 points) Experience: 3 levels ( 200 points) Exploration: 5 levels ( 120 points) Discoveries: 13 items ( 650 points) Variety of kills: 12 monsters ( 600 points) Major goal: (nothing yet) ( 0 points) Survival: died (score multiplied by 3) Total score: 4725 Latest messages: The jitterbug bites! You stop exploring. (4x) You slash the homunculus. The homunculus is moderately wounded. The homunculus bites! You are put to sleep! The combat suddenly awakens you. You kill the homunculus! You see here a homunculus corpse. You stop exploring. The jitterbug bites! You slash the jitterbug. The jitterbug is moderately wounded. The jitterbug displaces you! The jitterbug bites! (4x) You slash the jitterbug. The jitterbug is heavily wounded. The jitterbug turns to flee! You stop exploring. You slash the lichen. The lichen is moderately damaged. You kill the lichen! You see here a lichen corpse. You have a little trouble lifting K - a lichen corpse. You stop exploring. The giant bat bites! (4x) You die... Final status: Goodbye woodfighter the Healer, killed by a giant bat... You died in The Dungeons of Doom on dungeon level 4 with 4725 points, and 1212 pieces of gold, after 1356 moves. You were level 3 with a maximum of 32 hit points when you died.